 Dungeon Crawl Stone Soup version 0.13.0-3-g966e3ec (webtiles) character file.

406 Lilouch the Cudgeler (level 5, 0/33 HPs)
             Began as a Gargoyle Fighter on Oct 13, 2013.
             Was an Initiate of Okawaru.
             Slain by a kobold (3 damage)
             ... on Level 4 of the Dungeon.
             The game lasted 00:09:56 (1909 turns).

Lilouch the Cudgeler (Gargoyle Fighter)             Turns: 1909, Time: 00:09:56

HP   0/33        AC 14     Str 20      XL: 5   Next: 40%
MP   4/4         EV  6     Int  9      God: Okawaru [......]
Gold 247         SH 19     Dex  9      Spells:  0 memorised,  4 levels left

Res.Fire  : . . .   See Invis. : .   i - +0 mace
Res.Cold  : . . .   Warding    : .   b - +0 scale mail
Life Prot.: + . .   Conserve   : .   c - +0 shield
Res.Poison: +       Res.Corr.  : .   E - +0 helmet (curse)
Res.Elec. : +       Clarity    : .   B - +0 cloak
Sust.Abil.: . .     Spirit.Shd : .   (no gloves)
Res.Mut.  : .       Stasis     : .   z - +0 pair of elf boots
Res.Rott. : +       Flight     : .   (no amulet)
Saprovore : . . .                    (no ring)
                                     (no ring)

@: slightly resistant to hostile enchantments, extremely unstealthy
A: fangs 1, talons 2, life protection 1, electricity resistance, slow metabolism
1, unbreathing, petrification resistance, AC +4
a: Renounce Religion


You were on level 4 of the Dungeon.
You worshipped Okawaru.
Okawaru was noncommittal.
You were hungry.

You visited 1 branch of the dungeon, and saw 4 of its levels.

You collected 227 gold pieces.

Inventory:

Hand weapons
 i - a +0,+0 mace (weapon)
 t - a +3,+2 quarterstaff of chaos
 C - a +0,+0 hammer
Missiles
 f - 6 darts of frost
 u - 67 stones (quivered)
Armour
 b - a +0 scale mail (worn)
 c - a +0 shield (worn)
 g - a +1 plumed helmet
 z - a +0 pair of elven boots (worn)
 A - a cursed +0 robe
 B - a +0 cloak (worn)
 E - a cursed +0 helmet (worn)
 G - a +0 helmet
Magical devices
 H - a wand of random effects (12) {unknown}
Comestibles
 d - 3 bread rations
 s - an apple
 x - a choko
 D - a pear
Scrolls
 h - a scroll of magic mapping {unknown}
 l - 4 scrolls of identify {unknown}
 m - a scroll of enchant armour {unknown}
 n - 3 scrolls of teleportation {unknown}
 o - 2 scrolls of noise {unknown}
 p - a scroll of blinking {unknown}
 r - a scroll of curse armour {unknown}
 y - 2 scrolls of remove curse {unknown}
Jewellery
 a - an uncursed ring of poison resistance {unknown}
 e - an uncursed ring of positive energy {unknown}
Potions
 j - a potion of speed {unknown}
 k - 3 potions of curing {unknown}
 q - 2 potions of might {unknown}
 v - a potion of restore abilities {unknown}
 w - a potion of heal wounds {unknown}
 F - 3 potions of agility {unknown}


   Skills:
 - Level 3.2 Fighting
 * Level 4.5 Maces & Flails
 + Level 4.2 Armour
 + Level 4.2 Shields


You had 4 spell levels left.
You didn't know any spells.

Dungeon Overview and Level Annotations

Branches:
Dungeon (4/27)
 Temple: D:4-7

Altars:
Okawaru
Zin

Annotations:
D:4 Prince Ribbit


Innate Abilities, Weirdness & Mutations

You are resistant to torment.
You are immune to poison.
Your stone body is very resilient (AC +4).
You have very sharp teeth.
You have razor-sharp toenails.
You resist negative energy.
You are resistant to electric shocks.
You have a slow metabolism.
You can survive without breathing.
You are immune to petrification.


Message History

You block Prince Ribbit's attack. The kobold hits you.
You block the bat's attack.
Prince Ribbit hits you but does no damage.
You completely miss Prince Ribbit.
Prince Ribbit is lightly wounded.
You block the bat's attack. The kobold closely misses you.
Prince Ribbit hits you!
* * * LOW HITPOINT WARNING * * *
You hit Prince Ribbit.
Prince Ribbit is moderately wounded.
The bat hits you.
* * * LOW HITPOINT WARNING * * *
You block Prince Ribbit's attack. The kobold hits you but does no damage.
Prince Ribbit lets out a mournful croak.
Prince Ribbit hits you but does no damage.
The kobold hits you but does no damage.
You hit Prince Ribbit.
Prince Ribbit is moderately wounded.
The bat hits you but does no damage.
Prince Ribbit blinks!
The kobold hits you.
You die...

....
#.......#
#.......#
#.......#
#.......#
#.......#
#.......#
#..ยง....#
#..K@...#
#...b...#
#.......#
#.......#
#...F...#
#########


You could see Prince Ribbit, a bat and a kobold.

Vanquished Creatures
  Crazy Yiuf (D:2)
  Ijyb (D:3)
  5 adders
  A giant mite (D:2)
  A giant gecko (D:1)
  3 orcs (D:3)
  5 bats
  2 giant cockroaches
  12 goblins
  8 hobgoblins
  4 jackals (D:3)
  6 kobolds
  2 ball pythons
  3 giant newts
  3 rats
57 creatures vanquished.

Vanquished Creatures (others)
  A goblin (D:3)
  5 toadstools (D:1)
6 creatures vanquished.

Grand Total: 63 creatures vanquished

Notes
Turn   | Place    | Note
--------------------------------------------------------------
     0 | D:1      | Lilouch, the Gargoyle Fighter, began the quest for the Orb.
     0 | D:1      | Reached XP level 1. HP: 14/14 MP: 0/0
   162 | D:1      | Reached XP level 2. HP: 19/19 MP: 1/1
   599 | D:1      | Reached XP level 3. HP: 24/24 MP: 2/2
   909 | D:2      | Found an iron altar of Okawaru.
   909 | D:2      | Found a glowing silver altar of Zin.
   912 | D:2      | Became a worshipper of Warmaster Okawaru
   944 | D:2      | Reached skill level 4 in Shields
   944 | D:2      | Reached XP level 4. HP: 26/28 MP: 3/3
  1243 | D:2      | Noticed Crazy Yiuf
  1254 | D:2      | Killed Crazy Yiuf
  1448 | D:3      | Noticed Ijyb
  1473 | D:3      | Killed Ijyb
  1473 | D:3      | Reached XP level 5. HP: 30/33 MP: 4/4
  1903 | D:4      | Noticed Prince Ribbit
  1909 | D:4      | Slain by a kobold

Action                   |  1- 3 |  4- 6 || total
-------------------------+-------+-------++-------
Melee: Mace              |    67 |    93 ||   160
